 Dungeon Crawl Stone Soup version 0.29.1-15-g9cfb28693d (webtiles) character file.

Game seed: 9123898117752535437

102 Groucho the Magician (level 5, 0/37 HPs)
             Began as a Djinni Fire Elementalist on Apr 7, 2023.
             Slain by an orc wizard
             ... wielding a +1 dagger of venom
              (2 damage)
             ... on level 4 of the Dungeon.
             The game lasted 00:07:10 (4305 turns).

Groucho the Magician (Djinni Fire Elementalist)     Turns: 4305, Time: 00:07:10

Health: 0/37       AC:  2    Str:  9    XL:     5   Next: 6%
Gold:   177        EV: 13    Int: 16    God:
                   SH:  0    Dex: 14

rFire   + + .      SeeInvis .   (no weapon)
rCold   x . .      Faith    .   (no shield)
rNeg    . . .      Spirit   .   a - +0 robe
rPois   ∞          Reflect  .   (no helmet)
rElec   .          Harm     .   (no cloak)
rCorr   .          Rampage  .   (no gloves)
Will    .....                   (boots unavailable)
Stlth   ++........              (no amulet)
HPRegen 0.12/turn               (no ring)
MPRegen 0.00/turn               (no ring)

@: brilliant, flying, hasted, very quick
A: sickness immunity, fire resistance 2, cold vulnerability 1, float, innate
caster, HP casting, extra vitality 1
a: no special abilities


You were on level 4 of the Dungeon.
You visited 1 branch of the dungeon, and saw 4 of its levels.

You collected 177 gold pieces.

Inventory:

Armour
 a - a +0 robe (worn)
Jewellery
 b - a +4 ring of evasion
Wands
 o - a wand of flame (19)
Scrolls
 c - 2 scrolls of noise {unknown}
 e - a scroll of fog {unknown}
 f - a scroll of brand weapon {unknown}
 i - 2 scrolls of enchant weapon {unknown}
 j - a scroll of torment {unknown}
 k - 4 scrolls of identify {unknown}
 n - a scroll of teleportation {unknown}
Potions
 d - a potion of invisibility {unknown}
 g - a potion of berserk rage {unknown}
 h - 2 potions of haste
 p - a potion of cancellation {unknown}
 q - a potion of attraction {unknown}


   Skills:
 + Level 1.6 Fighting
 + Level 3.0 Dodging
 + Level 2.3 Stealth
 * Level 3.2 Spellcasting


You couldn't memorise any spells.
You knew the following spells:

 Your Spells              Type           Power      Damage    Failure   Level
a - Foxfire               Conj/Fire      76%        2x1d7     4%          1
b - Scorch                Fire           38%        2d7       8%          2
c - Conjure Flame         Conj/Fire      19%        6-21      14%         3
d - Inner Flame           Hex/Fire       19%        N/A       14%         3
e - Flame Wave            Conj/Fire      19%        2d7       43%         4
f - Beastly Appendage     Tmut           38%        N/A       4%          1
g - Passwall              Tmut/Erth      15%        N/A       8%          2
Your spell library was empty.

Dungeon Overview and Level Annotations

Branches:
Dungeon (4/15)
 Temple: D:4-7

Altars:
Cheibriados
Gozag
Zin

Annotations:
D:3 3 runed translucent doors, Artemis2's ghost, amateur TrFi; H0rd4k's ghost, amateur OpAr


Innate Abilities, Weirdness & Mutations

You are immune to sickness and miasma.
You are immune to poison.
Your flesh is very heat resistant. (rF++)
You are vulnerable to cold. (rC-)
You float through the air rather than walking.
You learn spells naturally, not from books.
Your magical power is your life essence.
You have superior vitality. (+4 MHP)


Message History

Natasha casts a spell at you. You resist with some effort.
Unknown command.
Casting: Foxfire (safe; 5% risk of failure)
Confirm with . or Enter, or press ? or * to list all spells.
Flames lash Natasha.
You kill Natasha!
You hear a faint echoing roar filled with hate and sorrow!
The crimson imp disappears in a puff of smoke!
* * * LOW HITPOINT WARNING * * *
Something hits you.
* * * LOW HITPOINT WARNING * * *
Your Dodging skill increases to level 3!
You have reached level 5!
The power to cast Passwall wells up from within.
Spell assigned to 'g'.
Unknown command.
Unknown command.
You start resting.
You hear some strange, mumbled words.
Something tries to affect you, but you resist.
You start resting.
Something barely misses you.
You start resting.
Something barely misses you.
You start resting.
Something hits you.
* * * LOW HITPOINT WARNING * * *
You start resting.
Something hits you.
* * * LOW HITPOINT WARNING * * *
You start resting.
Something hits you.
* * * LOW HITPOINT WARNING * * *
You start resting.
Something hits you.
* * * LOW HITPOINT WARNING * * *
You closely miss something.
Unknown command.
It was a potion of brilliance.
You feel clever all of a sudden. Something hits you.
You die...

.. #.....# #. #...
#.....# ##
.#..###.....# #
............######
#....#............
#.##..............
#.####............
#.# ##.....#.....
#@# ##......#### #.#
####...####
.########.###....#.#
o......)).....####.#
o########.##### #.#
# #)# . #. ..# . #..
.)## # ...


There were no monsters in sight!

Vanquished Creatures
  Natasha (D:4)
  2 adders
  3 worms (D:3)
  2 dart slugs (D:3)
  3 orcs (D:4)
  A ball python (D:4)
  A bat (D:1)
  5 endoplasms
  3 giant cockroaches
  3 goblins
  6 hobgoblins
  2 jackals (D:1)
  2 kobolds
  2 quokkas
  A frilled lizard (D:3)
  5 rats
42 creatures vanquished.

Vanquished Creatures (others)
  118 foxfires
118 creatures vanquished.

Grand Total: 160 creatures vanquished

Notes
Turn   | Place    | Note
-------+----------+-------------------------------------------
     0 | D:1      | Groucho the Djinni Fire Elementalist began the quest for
                  | the Orb.
     0 | D:1      | Groucho set off with the following spells memorised:
                  | Foxfire, Scorch, Conjure Flame, Inner Flame, Flame Wave.
     0 | D:1      | Reached XP level 1. HP: 15/15 MP: 0/0
   232 | D:1      | Reached XP level 2. HP: 21/22 MP: 0/0
   519 | D:1      | You are sucked into a shaft and drop 1 floor!
   563 | D:2      | Found a faded altar of an unknown god.
   695 | D:2      | Reached XP level 3. HP: 18/26 MP: 0/0
   695 | D:2      | Learned a level 1 spell: Beastly Appendage
   987 | D:2      | Found an opulent altar of Gozag.
  1374 | D:3      | Reached skill level 1 in Fighting
  2335 | D:3      | Found a snail-covered altar of Cheibriados.
  2778 | D:3      | Reached XP level 4. HP: 30/32 MP: 0/0
  3403 | D:3      | Found a runed translucent gate.
  3404 | D:3      | Found a runed translucent gate.
  3405 | D:3      | Found a runed translucent gate.
  3459 | D:3      | Noticed H0rd4k's ghost (amateur OpAr)
  3459 | D:3      | Noticed Artemis2's ghost (amateur TrFi)
  4216 | D:4      | Found a glowing silver altar of Zin.
  4274 | D:4      | Noticed Natasha
  4289 | D:4      | Killed Natasha
  4290 | D:4      | Reached XP level 5. HP: 7/37 MP: 0/0
  4290 | D:4      | Learned a level 2 spell: Passwall
  4303 | D:4      | HP: 1/37 [something (2)]
  4305 | D:4      | Slain by an orc wizard

Illustrated notes

Levels and vault maps discovered:
D:1:      nzn_arrival_depleted_hourglass, layout_basic, hex_medium
D:2:      layout_basic, basic_altar, hellmonk_ecumenical_altar_blasted
D:3:      layout_basic, mainiacjoe_overflow_alcove_1, gammafunk_ghost_cemetery,
          roderic_serpentine_path, minmay_circle_x
D:4:      layout_rooms, kennysheep_mini, uniq_natasha

Skill      XL: |  1  2  3  4 |
---------------+-------------+-----
Fighting       | 1 |  1.6
Stealth        | 2 |  2.3
Spellcasting   | 3 |  3.2
Dodging        | 3 |  3.0

Action                   |  1- 3 |  4- 6 || total
-------------------------+-------+-------++-------
Melee: Unarmed           |       |    19 ||    19
 Cast: Foxfire           |    51 |    26 ||    77
       Beastly Appendage |     1 |       ||     1
       Scorch            |       |     3 ||     3
  Use: Potion            |       |     5 ||     5
Armor: Robe              |     1 |     4 ||     5
Dodge: Dodged            |    10 |    17 ||    27
